[Event "FIDE Chesscom Grand Swiss 2019"]
[Site "Douglas-Isle of Man"]
[Date "2019.10.12"]
[Round "3.35"]
[White "Nihal Sarin"]
[Black "Nebolsina, Vera"]
[Result "1-0"]
[ECO "A45"]
[WhiteElo "2610"]
[BlackElo "2252"]
[Annotator "ChessBase"]
[PlyCount "49"]
[EventDate "2019.10.10"]
[EventType "swiss"]
[EventCountry "GBR"]
[SourceTitle "playchess.com"]
[Source "ChessBase"]
[SourceQuality "1"]
[TimeControl "40/6000+30:20/3000+30:900+30"]

1. d4 Nf6 2. Bf4 g6 3. Nc3 d5 4. e3 Bg7 5. h4 h5 6. Nf3 O-O 7. Ne5 c6 8. Be2 Nfd7 9. g4 Nxe5 10. Bxe5 Bxg4 11. Bxg4 hxg4 12. Qxg4 Nd7 13. f4 Qc8 14. Qg3 f6 15. h5 gxh5 16. O-O-O fxe5 17. Rdg1 Rf7 18. dxe5 Nxe5 19. Rxh5 Ng4 20. Qh4 e5 21. Rxg4 Kf8 22. Rxg7 Rxg7 23. Rh8+ Kf7 24. Qh5+ Ke7 25. Qxe5+ 1-0

[Event "FIDE Chesscom Grand Swiss 2019"]
[Site "Douglas-Isle of Man"]
[Date "2019.10.12"]
[Round "3.37"]
[White "Zhang, Zhong"]
[Black "Jansa, Vlastimil"]
[Result "1-0"]
[ECO "D99"]
[WhiteElo "2636"]
[BlackElo "2452"]
[Annotator "RC"]
[PlyCount "73"]
[EventDate "2019.10.10"]
[EventType "swiss"]
[EventCountry "GBR"]
[SourceTitle "playchess.com"]
[Source "ChessBase"]
[SourceQuality "1"]
[TimeControl "40/6000+30:20/3000+30:900+30"]

1. Nf3 Nf6 2. c4 g6 3. Nc3 d5 4. cxd5 Nxd5 5. Qb3 Nb6 6. d4 Bg7 7. e4 O-O 8. Be3 Bg4 9. Rd1 e6 10. Be2 Nc6 11. e5 h6 12. h3 Bxf3 13. Bxf3 Ne7 14. O-O c6 15. Ne4 Nf5 16. g4 Nxe3 17. fxe3 Nd5 18. Bg2 Qb6 19. Rd3 Rfd8 20. a3 Bf8 21. Qc2 a5 22. h4 Rac8 23. Qf2 Qc7 24. g5 h5 25. Bh3 Rd7 26. Qg3 Re8 27. Rd2 b6 28. Rf3 Kh8 29. Bf1 b5 30. Rc2 Qb6 31. Rcf2 Kg8 32. Bd3 c5 33. Nf6+ Nxf6 34. gxf6 cxd4 35. Bxg6 dxe3 36. Bxf7+ Kxf7 37. Rg2 1-0

[Event "FIDE Chesscom Grand Swiss 2019"]
[Site "Douglas-Isle of Man"]
[Date "2019.10.12"]
[Round "3.38"]
[White "Arkell, Keith C"]
[Black "Iturrizaga Bonelli, Eduardo"]
[Result "0-1"]
[ECO "A40"]
[WhiteElo "2447"]
[BlackElo "2629"]
[Annotator "RC"]
[PlyCount "82"]
[EventDate "2019.10.10"]
[EventType "swiss"]
[EventCountry "GBR"]
[SourceTitle "playchess.com"]
[Source "ChessBase"]
[SourceQuality "1"]
[TimeControl "40/6000+30:20/3000+30:900+30"]

1. Nf3 e6 2. c4 g6 3. Nc3 Bg7 4. d4 d5 5. cxd5 exd5 6. Bg5 Nf6 7. e3 O-O 8. b4 h6 9. Bxf6 Bxf6 10. Be2 Be6 11. b5 a6 12. a4 c5 13. bxc6 Nxc6 14. O-O Rc8 15. Na2 Na5 16. Nc1 Rc3 17. Nd3 Qc7 18. Nf4 Qd6 19. Nxe6 Qxe6 20. Rb1 Rfc8 21. Ne1 Be7 22. Nd3 Bd6 23. Bg4 f5 24. Bf3 Kg7 25. Nb4 Bxb4 26. Rxb4 Qd6 27. Rb2 R8c7 28. g3 Nc4 29. Rb1 Na3 30. Rb2 b5 31. axb5 axb5 32. Qa1 b4 33. Qa2 Nc4 34. Rbb1 Ra3 35. Qe2 b3 36. Rfd1 Rca7 37. Kg2 Ra2 38. Qd3 b2 39. Qb3 R2a6 40. Be2 Rb6 41. Qc3 Qb4 0-1

[Event "FIDE Chesscom Grand Swiss 2019"]
[Site "Douglas-Isle of Man"]
[Date "2019.10.12"]
[Round "3.39"]
[White "Bulmaga, Irina"]
[Black "Sethuraman, S.P."]
[Result "0-1"]
[ECO "B80"]
[WhiteElo "2442"]
[BlackElo "2624"]
[Annotator "RC"]
[PlyCount "84"]
[EventDate "2019.10.10"]
[EventType "swiss"]
[EventCountry "GBR"]
[SourceTitle "playchess.com"]
[Source "ChessBase"]
[SourceQuality "1"]
[TimeControl "40/6000+30:20/3000+30:900+30"]

1. e4 c5 2. Nf3 d6 3. d4 cxd4 4. Nxd4 Nf6 5. Nc3 Nc6 6. f3 e6 7. Be3 Be7 8. Qd2 O-O 9. O-O-O a6 10. h4 Nd7 11. g4 Nde5 12. Be2 b5 13. Nxc6 Nxc6 14. Bg5 f6 15. Be3 Qa5 16. a3 b4 17. Na2 bxa3 18. b3 Qc7 19. g5 Rd8 20. Rhg1 d5 21. exd5 Rxd5 22. Qc3 Kh8 23. f4 Bd7 24. Kb1 a5 25. h5 fxg5 26. Rxd5 exd5 27. Bd4 Qxf4 28. Bxg7+ Kg8 29. Rf1 Qd6 30. h6 a4 31. Bh5 Be8 32. Bxe8 Rxe8 33. bxa4 Qe6 34. Nc1 d4 35. Re1 Qd5 36. Qg3 Rb8+ 37. Nb3 d3 38. Qxd3 Qxd3 39. cxd3 Rxb3+ 40. Ka2 Rxd3 41. Rc1 Nb4+ 42. Ka1 Kf7 0-1

[Event "FIDE Chesscom Grand Swiss 2019"]
[Site "Douglas-Isle of Man"]
[Date "2019.10.12"]
[Round "3.40"]
[White "Baron, Tal"]
[Black "Batsiashvili, Nino"]
[Result "1-0"]
[ECO "C13"]
[WhiteElo "2531"]
[BlackElo "2422"]
[Annotator "ChessBase"]
[PlyCount "97"]
[EventDate "2019.10.10"]
[EventType "swiss"]
[EventCountry "GBR"]
[SourceTitle "playchess.com"]
[Source "ChessBase"]
[SourceQuality "1"]
[TimeControl "40/6000+30:20/3000+30:900+30"]

1. e4 e6 2. d4 d5 3. Nc3 Nf6 4. Bg5 dxe4 5. Nxe4 Be7 6. Bxf6 gxf6 7. Nf3 a6 8. g3 f5 9. Nc3 b5 10. Bg2 Bb7 11. O-O Qd6 12. Qe2 Nd7 13. d5 e5 14. Rfe1 b4 15. Nxe5 Nxe5 16. Qxe5 Qxe5 17. Rxe5 bxc3 18. Rae1 O-O-O 19. Rxe7 Bxd5 20. Bxd5 Rxd5 21. bxc3 Rc5 22. R1e5 Rxc3 23. Rxf5 Rxc2 24. a4 h5 25. h4 Rh7 26. Kg2 Rc4 27. a5 Kd8 28. Ree5 Kd7 29. Kf3 Rc3+ 30. Ke4 Rc2 31. Kd3 Rc6 32. Rxh5 Rd6+ 33. Ke4 Rxh5 34. Rxh5 c6 35. g4 Rd1 36. Rh7 Ke7 37. g5 Rg1 38. f4 Re1+ 39. Kf5 Ra1 40. g6 Rxa5+ 41. Kg4 Kf6 42. gxf7 Ke7 43. h5 Ra1 44. h6 a5 45. Rg7 a4 46. h7 Rg1+ 47. Kf5 Rxg7 48. f8=Q+ Kxf8 49. h8=Q+ 1-0

[Event "FIDE Chesscom Grand Swiss 2019"]
[Site "Douglas-Isle of Man"]
[Date "2019.10.12"]
[Round "3.41"]
[White "Houska, Jovanka"]
[Black "Prithu Gupta"]
[Result "1-0"]
[ECO "E16"]
[WhiteElo "2430"]
[BlackElo "2493"]
[Annotator "ChessBase"]
[PlyCount "109"]
[EventDate "2019.10.10"]
[EventType "swiss"]
[EventCountry "GBR"]
[SourceTitle "playchess.com"]
[Source "ChessBase"]
[SourceQuality "1"]
[TimeControl "40/6000+30:20/3000+30:900+30"]

1. d4 Nf6 2. Nf3 e6 3. c4 Bb4+ 4. Bd2 c5 5. Bxb4 cxb4 6. g3 b6 7. Bg2 Bb7 8. O-O a5 9. Qd3 O-O 10. Nbd2 d6 11. Rfd1 Qe7 12. a3 Na6 13. Ne1 d5 14. e4 dxe4 15. Nxe4 Bxe4 16. Bxe4 Rac8 17. Bg2 Rfd8 18. Qb3 Qc7 19. Bf1 bxa3 20. bxa3 Nb8 21. Rab1 Nc6 22. Qxb6 Qxb6 23. Rxb6 Nxd4 24. Kg2 Ne4 25. Nf3 Nxf3 26. Rxd8+ Rxd8 27. Kxf3 f5 28. Be2 Rd2 29. Ke3 Ra2 30. Rxe6 Rxa3+ 31. Kd4 Ra2 32. Ke3 a4 33. f3 Nc3 34. Bd3 Nd1+ 35. Kf4 Kf7 36. Ra6 g6 37. c5 Ke7 38. Ke5 Rd2 39. Ra7+ Kd8 40. Bc4 Nb2 41. Bd5 Kc8 42. Rxh7 Rc2 43. Kd6 Nc4+ 44. Bxc4 Rxc4 45. Kc6 Kb8 46. Rb7+ Kc8 47. Ra7 Kb8 48. Ra5 g5 49. Kd5 Rc2 50. Ke5 f4 51. gxf4 gxf4 52. Rxa4 Rxh2 53. Rxf4 Kc7 54. Rf6 Re2+ {[%emt 0:00:20] Ke4} 55. Kf5 1-0

[Event "FIDE Chesscom Grand Swiss 2019"]
[Site "Douglas-Isle of Man"]
[Date "2019.10.12"]
[Round "3.43"]
[White "Cramling, Pia"]
[Black "Allen, Keith"]
[Result "1-0"]
[ECO "D36"]
[WhiteElo "2462"]
[BlackElo "2161"]
[Annotator "ChessBase"]
[PlyCount "73"]
[EventDate "2019.10.10"]
[EventType "swiss"]
[EventCountry "GBR"]
[SourceTitle "playchess.com"]
[Source "ChessBase"]
[SourceQuality "1"]
[TimeControl "40/6000+30:20/3000+30:900+30"]

1. c4 e6 2. Nc3 d5 3. d4 Nf6 4. cxd5 exd5 5. Bg5 c6 6. e3 Be7 7. Bd3 Nbd7 8. h3 O-O 9. Bf4 Re8 10. Nf3 Nf8 11. Qc2 Ng6 12. Bh2 Bd6 13. Bxd6 Qxd6 14. O-O-O b5 15. Kb1 a5 16. Rc1 Bd7 17. g4 Qe7 18. g5 Ne4 19. h4 Bg4 20. Bxe4 dxe4 21. Nd2 Qe6 22. Ncxe4 Bf5 23. f3 Rac8 24. Qc5 Ne7 25. Ka1 Bxe4 26. fxe4 Rf8 27. Rcf1 f5 28. gxf6 Rxf6 29. Rxf6 gxf6 30. Qh5 Kh8 31. Rf1 Rg8 32. Qf3 Kg7 33. Nb3 Nc8 34. Nc5 Qe7 35. Rg1+ Kh8 36. Rxg8+ Kxg8 37. Qg4+ {[%emt 0:00:05] Qd8} 1-0